 Dungeon Crawl Stone Soup version 0.19.1 (webtiles) character file.

220 Chaoticas the Chiller (level 5, -2/35 HPs)
             Began as a Demonspawn Ice Elementalist on Dec 9, 2016.
             Slain by a slave (4 damage)
             ... led by Pikel
             ... on level 5 of the Dungeon.
             The game lasted 00:19:25 (4348 turns).

Chaoticas the Chiller (Demonspawn Ice Elementalist) Turns: 4348, Time: 00:19:26

Health: -2/35      AC:  5    Str:  9      XL:     5   Next: 64%
Magic:  2/8        EV: 12    Int: 15 (17) God:
Gold:   61         SH:  0    Dex: 15 (17) Spells: 2 memorised, 3 levels left

rFire  . . .     SeeInvis .     k - +1 short sword
rCold  . . .     Gourm    .     a - +1 robe
rNeg   . . .     Faith    .     (no shield)
rPois  .         Spirit   .     (helmet restricted)
rElec  .         Reflect  .     (no cloak)
rCorr  .         Harm     .     (no gloves)
MR     .....                    (no boots)
Stlth  ++........               (no amulet)
                                (no ring)
                                s - +4 ring of dexterity

@: no status effects
A: horns 2, iridescent scales 1
a: no special abilities


You were on level 5 of the Dungeon.
You were hungry.

You visited 1 branch of the dungeon, and saw 6 of its levels.

You collected 61 gold pieces.

Inventory:

Hand Weapons
 f - a +0 hunting sling
 j - a +0 club
 k - a +1 short sword (weapon)
Missiles
 g - 8 exploding tomahawks (quivered)
Armour
 a - a +1 robe (worn)
 o - a +0 buckler
Jewellery
 s - a +4 ring of dexterity (left hand)
Scrolls
 d - a scroll of amnesia
 h - 5 scrolls of recharging
 m - 2 scrolls of teleportation
 n - 2 scrolls of remove curse
 q - a scroll of magic mapping {unknown}
 u - a scroll of identify
Potions
 i - a potion of resistance {unknown}
 r - 2 potions of curing {unknown}
Books
 b - a book of Frost

   Spells                             Type                      Level
   a - Freeze                         Ice                          1
   b - Throw Frost                    Conjuration/Ice              2
   c - Ozocubu's Armour               Charms/Ice                   3
   d - Throw Icicle                   Conjuration/Ice              4
   e - Summon Ice Beast               Ice/Summoning                4
 p - a book of Conjurations

   Spells                             Type                      Level
   a - Magic Dart                     Conjuration                  1
   b - Searing Ray                    Conjuration                  2
   c - Dazzling Spray                 Conjuration/Hexes            3
   d - Fulminant Prism                Conjuration/Hexes            4
   e - Iskenderun's Mystic Blast      Conjuration                  4
   f - Iskenderun's Battlesphere      Conjuration/Charms           5
Comestibles
 c - 2 bread rations


   Skills:
 - Level 1.7 Dodging
 - Level 1.7 Stealth
 - Level 2.0 Spellcasting
   Level 1.0 Conjurations
 * Level 3.7 Summonings
 - Level 4.5 Ice Magic


You had 3 spell levels left.
You knew the following spells:

 Your Spells              Type           Power        Failure   Level  Hunger
a - Freeze                Ice            ###.         3%          1    #......
b - Summon Ice Beast      Ice/Summ       ##......     41%         4    #####..


Dungeon Overview and Level Annotations

Branches:
Dungeon (6/15)
 Temple: D:4-7

Altars:
Trog
The Shining One

Shops:
D:4 [

Annotations:
D:5 Pikel


Innate Abilities, Weirdness & Mutations

You have a pair of horns on your head.
You are partially covered in iridescent scales. (AC +2)


Message History

Casting: Freeze
Confirm with . or Enter, or press ? or * to list all spells.
Aiming: Freeze
Press: ? - help, Shift-Dir - straight line, f/p - slave
Aim: a slave, wearing an animal skin (moderately wounded)
You freeze the slave.
The slave is heavily wounded.
The slave hits you.
* * * LOW HITPOINT WARNING * * *
The slave hits you.
* * * LOW HITPOINT WARNING * * *
Casting: Freeze
Confirm with . or Enter, or press ? or * to list all spells.
Aiming: Freeze
Press: ? - help, Shift-Dir - straight line, f/p - slave
Aim: a slave, wearing an animal skin (heavily wounded)
You freeze the slave.
The slave is severely wounded.
The slave hits you.
You die...

##..# #..##
##..# #..##
#...#
#######..#####
........)....#
########p###.#
....>..p@##.#
###########.#
#.# #.# #.#
#.# #.###
#######...#
#......<#.#


You could see 2 slaves.

Vanquished Creatures
  A scorpion (D:4)
  A bullfrog zombie (D:5)
  8 adders
  A gnoll (D:6)
  An ooze (D:3)
  2 dart slugs (D:3)
  A leopard gecko (D:1)
  An orc (D:3)
  A ball python (D:1)
  4 bats
  A giant cockroach (D:2)
  5 goblins
  3 hobgoblins
  5 jackals (D:4)
  A quokka (D:3)
  2 frilled lizards (D:2)
  A jackal skeleton (D:4)
  6 kobolds
  A leopard gecko skeleton (D:5)
  4 rats
50 creatures vanquished.

Notes
Turn   | Place    | Note
-------+----------+-------------------------------------------
     0 | D:1      | Chaoticas the Demonspawn Ice Elementalist began the quest for the Orb.
     0 | D:1      | Reached XP level 1. HP: 13/13 MP: 3/3
   398 | D:1      | Reached skill level 3 in Ice Magic
   937 | D:1      | Gained mutation: You have a pair of small horns on your head. [demonic ancestry]
   937 | D:1      | Reached XP level 2. HP: 16/19 MP: 5/5
  1559 | D:2      | Found a bloodstained altar of Trog.
  1812 | D:2      | Gained mutation: You are partially covered in iridescent scales. (AC +2) [demonic ancestry]
  1812 | D:2      | Reached XP level 3. HP: 18/24 MP: 2/6
  2049 | D:2      | Reached skill level 4 in Ice Magic
  2628 | D:3      | Gained mutation: You have a pair of horns on your head. [demonic ancestry]
  2628 | D:3      | Reached XP level 4. HP: 25/30 MP: 3/7
  2779 | D:3      | Learned a level 4 spell: Summon Ice Beast
  3039 | D:3      | Reached skill level 1 in Summonings
  3303 | D:4      | Found a glowing golden altar of the Shining One.
  3463 | D:4      | Found Kouripn's Armour Emporium.
  3578 | D:4      | Reached XP level 5. HP: 29/35 MP: 4/8
  3672 | D:4      | Noticed a hippogriff
  3687 | D:5      | Entered Level 5 of the Dungeon
  4285 | D:5      | Noticed a slave
  4285 | D:5      | Noticed a slave
  4287 | D:5      | Noticed a slave
  4289 | D:5      | Noticed Pikel
  4290 | D:5      | Noticed a slave
  4348 | D:5      | Slain by a slave

Skill      XL: |  1  2  3  4 |
---------------+-------------+-----
Ice Magic      | 3 4 |  4.5
Summonings     | 3 |  3.7
Dodging        | |  1.7
Stealth        | |  1.7
Spellcasting   | |  2.0
Conjurations   | |  1.0

Action                   |  1- 3 |  4- 6 || total
-------------------------+-------+-------++-------
Melee: Unarmed           |     9 |       ||     9
       Short sword       |    39 |    40 ||    79
       Club              |     3 |       ||     3
       Headbutt          |     2 |     9 ||    11
 Cast: Freeze            |    33 |    35 ||    68
  Use: Scroll            |     7 |       ||     7
       Potion            |       |     3 ||     3
 Stab: Sleeping          |     1 |     2 ||     3
  Eat: Meat ration       |     1 |       ||     1
       Bread ration      |       |     1 ||     1
       Beef jerky        |       |     1 ||     1
Armor: Robe              |    21 |    24 ||    45
Dodge: Dodged            |    68 |    43 ||   111
